 Dungeon Crawl Stone Soup version 0.24.1-8-ga250c9d538 (webtiles) character file.

Game seed: 15170031157593205750, levelgen mode: deterministic

1173 jiah the Scratcher (level 8, 0/36 HPs)
             Began as a Felid Transmuter on May 3, 2020.
             Was a Follower of Sif Muna.
             Slain by a hog (10 damage)
             ... on level 6 of the Dungeon.
             The game lasted 00:31:21 (11865 turns).

jiah the Scratcher (Felid Transmuter)              Turns: 11865, Time: 00:31:21

Health: 0/36       AC:  2    Str:  6    XL:     8   Next: 18%
Magic:  14/16      EV: 25    Int: 16    God:    Sif Muna [*.....]
Gold:   407        SH:  0    Dex: 22    Spells: 3/16 levels left
                                        Lives:  0   Deaths: 2

rFire    . . .     SeeInvis +     - Unarmed
rCold    . . .     Gourm    .   (shield unavailable)
rNeg     . . .     Faith    .   (armour unavailable)
rPois    x         Spirit   .   (helmet unavailable)
rElec    .         Reflect  .   (cloak unavailable)
rCorr    .         Harm     .   (gloves unavailable)
MR       +....                  (boots unavailable)
Stlth    ++........             (no amulet)
HPRegen  0.12/turn              i - ring of wizardry
MPRegen  0.15/turn              y - ring of flight

@: spider-form
A: tiny, no armour, no weapons or thrown items, stealth, see invisible,
carnivore, slow metabolism 1
a: End Transformation, Channel Magic, Renounce Religion, Evoke Flight


You were on level 6 of the Dungeon.
You worshipped Sif Muna.
Sif Muna was aware of your devotion.
You were not hungry.
You were a venomous arachnid creature.
You visited 1 branch of the dungeon, and saw 9 of its levels.

You collected 407 gold pieces.

Inventory:

Missiles
 a - 158 arrows
 s - 2 throwing nets
Jewellery
 i - a ring of wizardry (left front leg)
 y - a ring of flight (right front leg)
Wands
 o - a wand of iceblast (11)
 p - a wand of random effects (12)
 w - a wand of digging (7)
Scrolls
 b - 7 scrolls of amnesia
 d - 3 scrolls of teleportation {unknown}
 e - 4 scrolls of identify {unknown}
 f - 3 scrolls of random uselessness {unknown}
 h - 3 scrolls of immolation {unknown}
 k - a scroll of noise {unknown}
 m - a scroll of enchant weapon {unknown}
 n - a scroll of enchant armour {unknown}
 q - a scroll of fog {unknown}
 t - a scroll of magic mapping {unknown}
 v - 3 scrolls of remove curse {unknown}
Potions
 g - 2 potions of agility
 j - a potion of flight
 l - a potion of invisibility {unknown}
 r - a potion of lignification {unknown}
 u - 5 potions of haste {unknown}
 x - 2 potions of curing {unknown}
 z - a potion of mutation {unknown}
Comestibles
 c - 15 rations


   Skills:
 * Level 4.8 Fighting
 + Level 5.4 Dodging
 - Level 2.1 Stealth
 + Level 6.6 Unarmed Combat
 + Level 4.8 Spellcasting
 - Level 2.0 Charms
 - Level 5.1 Transmutations
 * Level 2.6 Ice Magic
 - Level 2.0 Poison Magic


You had 3 spell levels left.
You knew the following spells:

 Your Spells              Type           Power        Failure   Level  Hunger
a - Beastly Appendage     Tmut           ###...       3%          1    None
b - Sticks to Snakes      Tmut           ###.....     4%          2    ##.....
c - Spider Form           Tmut/Pois      ###.......   11%         3    ###....
d - Swiftness             Chrm/Air       #.......     14%         2    ##.....
e - Ice Form              Ice/Tmut       ###.....     24%         4    ####...
f - Shock                 Conj/Air       #...         14%         1    None

Your spell library contained the following spells:

 Spells                   Type           Power        Failure   Level  Hunger
 Passwall                 Tmut/Erth      ##......     9%          2    ##.....
 Animate Skeleton         Necr           N/A          14%         1    None
 Pain                     Necr           #...         14%         1    None
 Sandblast                Erth           #.....       14%         1    None
 Regeneration             Chrm/Necr      #.........   24%         3    ###....
 Static Discharge         Conj/Air       #.......     32%         3    ###....
 Stone Arrow              Conj/Erth      #.....       32%         3    ###....
 Vampiric Draining        Necr           #.........   32%         3    ###....
 Blade Hands              Tmut           ###.......   34%         5    ######.
 Petrify                  Tmut/Erth      ##......     36%         4    ####...
 Airstrike                Air            #.........   65%         4    ####...
 Animate Dead             Necr           N/A          65%         4    ####...
 Lee's Rapid Deconstruct  Erth           #.........   92%         5    ######.
 Lightning Bolt           Conj/Air       #.........   92%         5    ######.


Dungeon Overview and Level Annotations

Branches:
Dungeon (9/15)             Temple (0/1) D:5
   Lair: D:8-11         Orc: D:9-12

Altars:
Elyvilon
Makhleb
Okawaru
Ru
Sif Muna
Yredelemnul

Annotations:
D:1 exclusion: downstairs
D:3 Grinder
D:8 exclusions: 3 killer bees, wolf and 1 more exclusion


Innate Abilities, Weirdness & Mutations

You cannot wear armour.
You are incapable of wielding weapons or throwing items.
Your paws allow you to move quietly. (Stealth)
((You have sharp claws.))
((You have razor-sharp teeth.))
You have supernaturally acute eyesight. (SInv)
You are carnivorous and can eat meat at any time.
((You cover ground quickly.))
((You are covered in thick fur. (AC +2)))
You have a slow metabolism.
((Your sharp claws are effective at attacking unaware monsters.))


Message History

You are too injured to fight recklessly!
You hit the hog but do no damage.
The hog is poisoned.
The hog barely misses you.
You hit the hog.
The hog looks as sick as possible!
The hog is lightly wounded.
The hog closely misses you.
You hit the hog.
The hog is moderately wounded.
The hog barely misses you. The hog bites you!
* * * LOW HITPOINT WARNING * * *
You bite the hog!
The hog is heavily wounded.
The hog closely misses you.
You bite the hog!
The hog is severely wounded.
The hog completely misses you.
You hit the hog.
The hog looks as sick as possible!
The hog is almost dead.
The hog bites you!
You die...

#.# #.....#
#...##....... #.#
#....)#
#...'.##.###.
#.##'####...#.##.#
#.
#.#......####.##.#
#) #.#......#
#....# ##
#.#......# ######
#.#......#
..#..h...#
####s##### ##.###
#....## #.....#
###...#
######.'...#
#....#.#...#
#.#....#####
#.#....#


You could see a hog.

Vanquished Creatures
  A hippogriff (D:7)
  A human (D:7)
  A black bear (D:6)
  An ogre (D:8)
  5 centaurs
  A crocodile (D:7)
  A bullfrog (D:8)
  A wight (D:7)
  2 crimson imps
  A centaur zombie (D:4)
  A jelly (D:7)
  2 quasits
  5 hounds
  2 centaur skeletons
  An orc priest (D:6)
  2 orc wizards (D:6)
  2 bullfrog skeletons (D:4)
  An iguana (D:5)
  3 worker ants
  A hound zombie (D:4)
  A hound skeleton (D:8)
  A worker ant zombie (D:4)
  6 gnolls
  5 adders
  3 adder zombies (D:4)
  A worm (D:3)
  3 dart slugs (D:1)
  9 leopard geckos
  12 orcs
  A ball python (D:1)
  3 giant cockroaches
  7 goblins
  4 hobgoblins
  10 jackals
  10 kobolds
  A ball python skeleton (D:4)
  4 bats
  2 frilled lizards
  A giant cockroach zombie (D:4)
  2 quokka skeletons (D:4)
  9 rats
  A spectral orc (D:6)
131 creatures vanquished.

Vanquished Creatures (collateral kills)
  An ogre (D:4)
  A scorpion (D:4)
  A wight (D:7)
  An iguana (D:4)
  2 adders
6 creatures vanquished.

Grand Total: 137 creatures vanquished

Notes
Turn   | Place    | Note
-------+----------+-------------------------------------------
     0 | D:1      | jiah the Felid Transmuter began the quest for the Orb.
     0 | D:1      | Reached XP level 1. HP: 9/9 MP: 4/4
   537 | D:1      | Reached XP level 2. HP: 3/12 MP: 4/6
   830 | D:1      | Learned a level 2 spell: Sticks to Snakes
  1598 | D:1      | Reached XP level 3. HP: 9/15 MP: 7/7
  1772 | D:2      | Reached skill level 1 in Stealth
  2290 | D:1      | Learned a level 3 spell: Spider Form
  2922 | D:2      | Reached XP level 4. HP: 14/19 MP: 8/8
  3557 | D:3      | Reached skill level 4 in Unarmed Combat
  3967 | D:3      | Noticed Grinder
  4307 | D:3      | Reached XP level 5. HP: 15/22 MP: 5/10
  5100 | D:4      | Reached skill level 1 in Poison Magic
  5111 | D:4      | Slain by an orc
  5112 | D:4      | Reached XP level 4. HP: -1/19 MP: 9/9
  5653 | D:4      | Reached XP level 5. HP: 21/22 MP: 7/10
  5680 | D:4      | Learned a level 2 spell: Swiftness
  6710 | D:4      | Noticed an ogre
  6724 | D:4      | Killed an ogre
  6724 | D:4      | Gained mutation: You are covered in thick fur. (AC +2)
                  | [Felid growth]
  6724 | D:4      | Reached XP level 6. HP: 27/27 MP: 0/11
  6731 | D:4      | Found a shimmering blue altar of Sif Muna.
  6872 | D:4      | Became a worshipper of Sif Muna the Loreminder
  6917 | D:4      | Found a sacrificial altar of Ru.
  7753 | D:5      | Entered Level 5 of the Dungeon
  8051 | D:4      | Learned a level 4 spell: Ice Form
  8060 | D:5      | Reached skill level 5 in Unarmed Combat
  8060 | D:5      | Reached XP level 7. HP: 17/31 MP: 5/13
  8226 | D:5      | Learned a level 1 spell: Shock
  8258 | D:5      | Found a staircase to the Ecumenical Temple.
  8634 | D:5      | Reached skill level 1 in Charms
  8790 | D:5      | Found an iron altar of Okawaru.
  9226 | D:5      | Found a burning altar of Makhleb.
  9470 | D:6      | Reached skill level 1 in Ice Magic
  9470 | D:6      | Reached XP level 8. HP: 35/36 MP: 12/15
  9608 | D:6      | Found a white marble altar of Elyvilon.
 10141 | D:6      | Found a basalt altar of Yredelemnul.
 10339 | D:6      | You fall into a shaft and drop 3 floors!
 10509 | D:8      | Reached skill level 6 in Unarmed Combat
 10510 | D:8      | HP: 2/43 [poisoned by a worker ant]
 10563 | D:8      | Reached skill level 5 in Dodging
 11651 | D:7      | HP: 2/43 [wight/cursed +0 flail (1)]
 11652 | D:7      | Slain by a wight
 11653 | D:7      | Reached XP level 7. HP: -3/39 MP: 14/14
 11706 | D:7      | Reached skill level 5 in Transmutations
 11734 | D:7      | Noticed a hippogriff
 11745 | D:7      | Killed a hippogriff
 11745 | D:7      | Reached XP level 8. HP: 28/36 MP: 5/16
 11852 | D:7      | Reached * piety under Sif Muna
 11865 | D:6      | Slain by a hog

Levels and vault maps discovered:
D:1:      minmay_arrival_arboretum_small, layout_basic
D:2:      layout_basic
D:3:      layout_basic, first_ration, minmay_misc_feat_encased, uniq_grinder
D:4:      layout_loops_cross, led_sif_pool, lemuel_doored_altar, serial_undead,
          serial_undead_d, serial_undead_e, serial_undead_d, serial_undead_c,
          kennysheep_generic_room_4
D:5:      layout_rooms, lemuel_round_altar, minmay_temple_entry_wispy,
          okawaru_metal_pillars_1_2
D:6:      layout_basic, elyvilon_altar_5, yredelemnul_forgotten_temple_becter
D:7:      black_bear_nest_2, layout_cave_pools, grunt_temple_overflow_diamond,
          grunt_livestock, sigmund_edmund_badplayer, uniq_harold, uniq_joseph
D:8:      layout_basic, uniq_grum
D:9:      layout_cave_pools, dancing_weapons_uskayaw, dpeg_lair_monsters,
          orc_0_dummy, serial_column_ruins, column_ruins_hut_ruined,
          column_ruins_square_medium, column_ruins_grid_3, column_ruins_grid_1,
          column_ruins_open_tiny, uniq_gastronok, uniq_erica

Skill      XL: |  1  2  3  4  5  6  7  8 |
---------------+-------------------------+-----
Dodging        | 3 4 5 |  5.4
Stealth        | 1 2 |  2.1
Transmutations | 3 5 |  5.1
Unarmed Combat | 4 5 6 |  6.6
Poison Magic   | 1 2 |  2.0
Spellcasting   | 3 4 |  4.8
Fighting       | 2 3 4 |  4.8
Charms         | 2 |  2.0
Ice Magic      | 1 2 |  2.6

Action                   |  1- 3 |  4- 6 |  7- 9 || total
-------------------------+-------+-------+-------++-------
Melee: Unarmed           |   134 |   238 |   194 ||   566
       Bite              |     6 |    29 |     7 ||    42
       Headbutt          |     4 |    39 |    11 ||    54
       Punch             |     2 |     2 |       ||     4
 Cast: Beastly Appendage |    28 |    35 |    10 ||    73
       Sticks to Snakes  |       |    14 |    12 ||    26
       Spider Form       |       |     4 |    11 ||    15
       Swiftness         |       |     1 |     2 ||     3
       Ice Form          |       |     1 |     7 ||     8
       Shock             |       |       |     2 ||     2
  Use: Scroll            |       |     1 |       ||     1
       Potion            |       |     2 |       ||     2
 Stab: Sleeping          |     7 |     6 |       ||    13
       Distracted        |     1 |       |     1 ||     2
  Eat: Chunk             |    11 |    16 |    10 ||    37
Armor: Skin              |     8 |    10 |    29 ||    47
Dodge: Dodged            |   119 |   205 |   182 ||   506
